 Seeded DCSS version 0.29-a0-378-gc08b2e8bf8 (webtiles) character file.

Game seed: 3240529348724002 (custom seed)

16 joe1234567 the Bolt Thrower (level 2, 0/25 HPs)
             Began as a Minotaur Hunter on May 5, 2022.
             Slain by a goblin
             ... wielding a +0 dagger of electrocution
              (1 damage)
             ... on level 1 of the Dungeon.
             The game lasted 00:04:34 (806 turns).

joe1234567 the Bolt Thrower (Minotaur Hunter)        Turns: 806, Time: 00:04:34

Health: 0/25       AC:  3    Str: 15    XL:     2   Next: 37%
Magic:  1/1        EV: 11    Int:  6    God:
Gold:   42         SH:  3    Dex: 13    Spells: 1/1 levels left

rFire   . . .      SeeInvis .   a - +1 hand crossbow
rCold   . . .      Faith    .   d - +0 buckler
rNeg    . . .      Spirit   .   b - +0 leather armour
rPois   .          Reflect  .   (helmet restricted)
rElec   .          Harm     .   (no cloak)
rCorr   .          Rampage  .   (no gloves)
Will    .....                   (no boots)
Stlth   +.........              (no amulet)
HPRegen 0.08/turn               (no ring)
MPRegen 0.07/turn               (no ring)

@: no status effects
A: horns 2, retaliatory headbutt
a: no special abilities


You were on level 1 of the Dungeon.
You visited 1 branch of the dungeon, and saw 1 of its levels.

You collected 42 gold pieces.

Inventory:

Hand Weapons
 a - a +1 hand crossbow (weapon)
 h - a +3 dagger
Armour
 b - a +0 leather armour (worn)
 d - a +0 buckler (worn)
 g - a +0 leather armour
Scrolls
 c - a scroll of immolation
 i - a scroll of fear {unknown}
 j - a scroll of brand weapon {unknown}
Potions
 e - a potion of mutation {unknown}
 f - 2 potions of lignification {unknown}


   Skills:
 + Level 2.5 Fighting
 + Level 5.1 Crossbows
 + Level 2.1 Dodging
 + Level 0.7 Stealth


You had one spell level left.
You didn't know any spells.
Your spell library was empty.

Dungeon Overview and Level Annotations

Branches:
Dungeon (1/15)

Altars:


Innate Abilities, Weirdness & Mutations

You have a pair of horns on your head.
You reflexively headbutt those who attack you in melee.


Message History

i - a scroll labelled JORHAA BEOF
Found 4 gold pieces.
You now have 42 gold pieces (gained 4).
A goblin comes into view. It is wielding a +0 dagger.
The goblin shouts!
You shoot a bolt. The bolt closely misses the goblin.
You shoot a bolt. The bolt hits the goblin.
You kill the goblin!
A goblin comes into view. It is wielding a +0 club.
The goblin shouts!
The goblin hits you with a +0 club.
You closely miss the goblin.
You headbutt the goblin, but do no damage.
The goblin closely misses you.
You barely miss the goblin. The goblin closely misses you.
You furiously retaliate!
You headbutt the goblin.
You kill the goblin!
You see here a +0 club.
Found 17 stones.
You see here 17 stones.
Found a scroll labelled UHYNNE SAUD.
j - a scroll labelled UHYNNE SAUD A goblin comes into view.
It is wielding a +0 dagger of electrocution.
Found a yellow potion.
The goblin shouts!
The goblin hits you with a +0 dagger of electrocution.
You closely miss the goblin. The goblin hits you but does no damage.
You barely miss the goblin. Your headbutt misses the goblin.
The goblin hits you with a +0 dagger of electrocution.
You barely miss the goblin. The goblin hits you but does no damage.
You are electrocuted!!
Ouch! That really hurt!
* * * LOW HITPOINT WARNING * * *
You block the goblin's attack.
You closely miss the goblin.
The goblin hits you with a +0 dagger of electrocution.
* * * LOW HITPOINT WARNING * * *
You clumsily bash the goblin but do no damage.
The goblin hits you with a +0 dagger of electrocution.
You die...

#...........# #.......#.#
##.....#....# #######...# #
#.....#....# #...# # ############
#...# #### # #.#.# #...
#######################.#.# #...
##...................##.#.## #...
#.#################.##.#..###...
##.# #!...g@..#.##..........
...########.######.#.####...##...
............# #.#.#####..#....
...###############..........#....
......)............#.######.)....
...###########..............>#...
.............#.###.#..........#.#
...#########.# #.#.##########.#.†
...# #.# #............#.###


You could see a goblin.

Vanquished Creatures
  A ball python (D:1)
  3 endoplasms (D:1)
  5 goblins (D:1)
  2 hobgoblins (D:1)
  A kobold (D:1)
  A bat (D:1)
13 creatures vanquished.

Notes
Turn   | Place    | Note
-------+----------+-------------------------------------------
     0 | D:1      | joe1234567 the Minotaur Hunter began the quest for the Orb.
     0 | D:1      | Reached XP level 1. HP: 18/18 MP: 0/0
   208 | D:1      | Reached XP level 2. HP: 25/25 MP: 1/1
   382 | D:1      | Reached skill level 5 in Crossbows
   805 | D:1      | HP: 1/25 [goblin/+0 dagger of electrocution (3)]
   806 | D:1      | Slain by a goblin

Illustrated notes

Levels and vault maps discovered:
D:1:      minmay_arrival_jagged, layout_basic, ebering_ecumenical_altar_rust

Skill      XL: |  1  2 |
---------------+-------+-----
Crossbows      | 5 |  5.1
Fighting       | |  2.5
Dodging        | |  2.1
Stealth        | |  0.7

Action                   || total
-------------------------++-------
Melee: Hand crossbow     ||     8
       Headbutt          ||     1
 Fire: Hand crossbow     ||    21
Armor: Leather armour    ||     3
Dodge: Dodged            ||    12
Block: Buckler           ||     1

Table legend: (Time is in decaauts)
 A = Elapsed time spent in this place.
 B = Non-inter-level travel time spent in this place.
 C = Inter-level travel time spent in this place.
 D = Time resting spent in this place.
 E = Time spent auto-exploring this place.
 F = Levels seen in this place.
 G = Mean time per level.
                   A        B        C        D        E       F      G
               +--------+--------+--------+--------+--------+-----+--------+
         Total |    814 |    814 |      0 |      0 |      0 |   1 |  814.0 |
       Dungeon |    814 |    814 |      0 |      0 |      0 |   1 |  814.0 |
               +--------+--------+--------+--------+--------+-----+--------+

Top non-repeatable levels by time:
     D:1: 814 daAuts
